 Dungeon Crawl Stone Soup version 0.28-a0-245-g639a1a48b9 (webtiles) character file.

Game seed: 3479037503862268918

1000 toffzen the Skirmisher (level 8, 0/91 HPs)
             Began as a Djinni Fire Elementalist on Aug 25, 2021.
             Was an Initiate of Makhleb.
             Slain by an orc priest (2 damage)
             ... on level 6 of the Dungeon.
             The game lasted 00:17:59 (6819 turns).

toffzen the Skirmisher (Djinni Fire Elementalist)   Turns: 6819, Time: 00:18:00

Health: 0/91       AC: 24    Str:  5    XL:     8   Next: 43%
Gold:   212        EV:  2    Int: 19    God:    Makhleb [......] SH:  0 Dex: 14

rFire   . . .      SeeInvis .   g - staff of cold
rCold   + . .      Faith    .   (no shield)
rNeg    + + +      Spirit   .   (armour currently unavailable)
rPois   ∞          Reflect  .   (helmet currently unavailable)
rElec   .          Harm     .   (cloak currently unavailable)
rCorr   .          Rampage  .   (gloves currently unavailable)
Will    .....      NoTele   +   (boots unavailable)
Stlth   ++........              (no amulet)
HPRegen 0.25/turn               (no ring)
MPRegen 0.00/turn               (no ring)

@: tree-form, weak-willed, attractive
A: stationary, stasis, torment immunity, boosted hp, sickness immunity, (fire
resistance 2), (cold vulnerability 1), float, innate caster, hp casting, extra
vitality 1, weak 1
a: Renounce Religion


You were on level 6 of the Dungeon.
You worshipped Makhleb.
Makhleb was noncommittal.
You were a tree.
You visited 2 branches of the dungeon, and saw 7 of its levels.

You collected 212 gold pieces.

Inventory:

Hand Weapons
 a - a +0 dagger
Missiles
 d - 270 stones
 q - 11 poisoned darts
Armour
 c - a +1 robe
 i - a +0 robe of the Archmagi (melded)
 k - a +0 helmet (melded)
 o - a +0 pair of gloves (melded)
Magical Staves
 g - a staff of cold (weapon)
Scrolls
 j - 2 scrolls of identify
 r - a scroll of magic mapping {unknown}
Potions
 h - 2 potions of resistance
 s - a potion of flight


   Skills:
 + Level 6.3 Fighting
 - Level 2.1 Dodging
 - Level 1.5 Stealth
 + Level 5.5 Spellcasting
 + Level 1.1 Invocations


You couldn't memorise any spells.
You knew the following spells:

 Your Spells              Type           Power      Damage    Failure   Level
a - Foxfire               Conj/Fire      100%       2x1d9     1%          1
b - Conjure Flame         Conj/Fire      26%        6-21      3%          3
c - Inner Flame           Hex/Fire       26%        N/A       3%          3
d - Sticky Flame          Conj/Fire      26%        2d5       12%         4
e - Fireball              Conj/Fire      13%        3d7       34%         5
f - Corona                Hex            28%        N/A       1%          1
g - Slow                  Hex            26%        N/A       1%          2
h - Poisonous Vapours     Pois/Air       52%        N/A       1%          2
Your spell library was empty.

Dungeon Overview and Level Annotations

Branches:
Dungeon (6/15)             Temple (1/1) D:5

Altars:
Ashenzari
Fedhas
Gozag
Kikubaaqudgha
Makhleb
Okawaru
Ru
Vehumet
Wu Jian

Annotations:
D:4 1 runed translucent door, 1 exclusion, Crazy Yiuf


Innate Abilities, Weirdness & Mutations

You are a tree.
Your roots penetrate the ground, keeping you stationary.
You cannot be teleported.
You are immune to unholy pain and torment.
Your maximum health is greatly increased.
Your equipment is partially melded.
You are immune to sickness and miasma.
You are immune to poison.
((Your flesh is very heat resistant. (rF++)))
((You are vulnerable to cold. (rC-)))
You float through the air rather than walking.
You learn spells naturally, not from books.
Your magical power is your life essence.
You have superior vitality. (+4 HP)
You are weak. (Str -2)


Message History

* * * LOW HITPOINT WARNING * * *
The orc priest completely misses you.
The orc wizard mumbles some strange words.
The orc wizard flickers and vanishes!
Casting: Poisonous Vapours (safe; 1% risk of failure)
Confirm with . or Enter, or press ? or * to list all spells.
Aiming: Poisonous Vapours (safe; 1% risk of failure)
Press: ? - help, Dir - move target, f/p - orc priest
Aim: an orc priest, wielding a +0 long sword (moderately wounded, very poisoned, weak-willed) Poisonous vapours surround the orc priest!
The orc priest looks as sick as possible!
* * * LOW HITPOINT WARNING * * *
The orc priest hits you but does no damage.
Casting: Poisonous Vapours (safe; 1% risk of failure)
Confirm with . or Enter, or press ? or * to list all spells.
Okay, then.
Unknown command.
You aren't carrying any items that you can evoke.
Casting: Poisonous Vapours (safe; 1% risk of failure)
Confirm with . or Enter, or press ? or * to list all spells.
Okay, then.
Unknown command.
Unknown command.
Casting: Poisonous Vapours (safe; 1% risk of failure)
Confirm with . or Enter, or press ? or * to list all spells.
There is not enough space to conjure foxfire!
Casting: Foxfire (safe; 1% risk of failure)
Confirm with . or Enter, or press ? or * to list all spells.
Okay, then.
As you read the scroll labelled QURUSI MIYTWE, it crumbles to dust.
It is a scroll of enchant armour.
Your +0 robe glows green for a moment.
The orc priest hits you with a +0 falchion.
* * * LOW HITPOINT WARNING * * *
As you read the scroll labelled MEPOAJ DOIWU, it crumbles to dust.
You hear a loud clanging noise!
It was a scroll of noise.
You hear an angry hiss.
You hear a shout!
You hear an angry hiss. x2
The orc priest hits you with a +0 falchion.
You die...

#...... #..o...
#......##
#........
#......5#
#.....o{# #.# #o#
#####♣# ###...#c#
#......l##
#...#....#
#.....##.#
#####......#.#
#..........#.#.
#..........#... #
#..........###.#.


You could see 2 orc priests, an ufetubus (weak-willed), a friendly centaur
(summoned, weak-willed) and a friendly iguana (summoned, weak-willed).

Vanquished Creatures
  Duvessa (D:5)
  A centaur (D:6)
  Blork the orc (D:4)
  3 scorpions
  Dowan (D:5)
  2 water moccasin skeletons
  2 orc priests
  A bullfrog skeleton (D:5)
  A centaur zombie (D:5)
  An iguana (D:4)
  2 orc wizards (D:4)
  8 adders
  3 gnolls (D:3)
  3 worms
  4 dart slugs
  14 orcs
  6 ball pythons
  3 bats
  7 endoplasms
  4 giant cockroaches
  10 goblins
  5 hobgoblins
  6 jackals
  8 kobolds
  6 quokkas
  5 frilled lizards
  8 rats
116 creatures vanquished.

Vanquished Creatures (others)
  319 foxfires
  10 fungi (D:6)
329 creatures vanquished.

Grand Total: 445 creatures vanquished

Notes
Turn   | Place    | Note
-------+----------+-------------------------------------------
     0 | D:1      | toffzen the Djinni Fire Elementalist began the quest for
                  | the Orb.
     0 | D:1      | Reached XP level 1. HP: 15/15 MP: 0/0
   277 | D:1      | Reached skill level 1 in Fighting
   277 | D:1      | Reached XP level 2. HP: 21/22 MP: 0/0
   528 | D:1      | Reached XP level 3. HP: 24/27 MP: 0/0
   528 | D:1      | Learned a level 1 spell: Corona
  1055 | D:1      | Found a faded altar of an unknown god.
  1516 | D:2      | Reached skill level 2 in Fighting
  1675 | D:2      | Reached XP level 4. HP: 31/33 MP: 0/0
  3284 | D:3      | Reached XP level 5. HP: 36/40 MP: 0/0
  3284 | D:3      | Learned a level 2 spell: Slow
  3300 | D:3      | Reached skill level 3 in Fighting
  3705 | D:4      | Reached XP level 6. HP: 29/46 MP: 0/0
  4027 | D:4      | Reached skill level 4 in Fighting
  4030 | D:4      | Noticed Blork the orc
  4039 | D:4      | Killed Blork the orc
  4094 | D:5      | Entered Level 5 of the Dungeon
  4323 | D:5      | Reached XP level 7. HP: 30/53 MP: 0/0
  4323 | D:5      | Learned a level 2 spell: Poisonous Vapours
  4958 | D:5      | Reached skill level 5 in Fighting
  5358 | D:5      | Noticed Duvessa
  5388 | D:5      | Killed Duvessa
  5395 | D:5      | Reached skill level 5 in Spellcasting
  5525 | D:4      | Reached XP level 8. HP: 53/61 MP: 0/0
  5868 | D:4      | Found a runed translucent door.
  5869 | D:4      | Noticed Crazy Yiuf
  6236 | D:5      | Reached skill level 6 in Fighting
  6524 | D:5      | Noticed Dowan
  6532 | D:5      | Killed Dowan
  6659 | D:5      | Found a staircase to the Ecumenical Temple.
  6666 | Temple   | Entered the Ecumenical Temple
  6679 | Temple   | Became a worshipper of Makhleb the Destroyer
  6804 | D:6      | Gained mutation: You are weak. (Str -2) [potion of
                  | mutation]
  6805 | D:6      | HP: 3/91 [orc priest/divine providence (12)]
  6815 | D:6      | Reached skill level 1 in Invocations
  6818 | D:6      | HP: 2/91 [orc priest (2)]
  6819 | D:6      | Slain by an orc priest

Illustrated notes

Levels and vault maps discovered:
D:1:      lightli_arrival_statuegarden, layout_basic,
          shapermc_ecumenical_altar_venn, minmay_three_crescents
D:2:      layout_loops_ring, st_stairs_8
D:3:      layout_basic, hex_large, chequers_decorated_corner
D:4:      layout_rooms, uniq_blork_the_orc, uniq_crazy_yiuf_cottage
D:5:      layout_basic, temple_green, uniq_duvessa
D:6:      layout_basic, serial_aquarium, aquarium_bridge_island_small
          [aquarium_subvault_small_open, aquarium_subvault_bridge,
          aquarium_subvault_window, aquarium_subvault_wall,
          aquarium_subvault_bridge], aquarium_window_corridor_1,
          aquarium_window_2, aquarium_view_2f, aquarium_balcony_double_1,
          aquarium_pool_2, nicolae_stop_n_shop_2, grunt_decor_mini_mirrors
Temple:   nicolae_temple_the_god_donut

Skill      XL: |  1  2  3  4  5  6  7  8 |
---------------+-------------------------+-----
Fighting       | 1 2 3 4 5 6 |  6.3
Spellcasting   | 3 4 5 |  5.5
Invocations    | 1 |  1.1
Dodging        | |  2.1
Stealth        | |  1.5

Action                   |  1- 3 |  4- 6 |  7- 9 || total
-------------------------+-------+-------+-------++-------
 Cast: Foxfire           |    66 |   100 |    53 ||   219
       Slow              |       |     1 |       ||     1
       Poisonous Vapours |       |       |    46 ||    46
  Use: Scroll            |       |     5 |     4 ||     9
       Potion            |       |       |     5 ||     5
Armor: Robe              |       |     8 |     6 ||    14
       Skin              |       |       |     7 ||     7
Dodge: Dodged            |     7 |    20 |    31 ||    58

Table legend: (Time is in decaauts)
 A = Elapsed time spent in this place.
 B = Non-inter-level travel time spent in this place.
 C = Inter-level travel time spent in this place.
 D = Time resting spent in this place.
 E = Time spent auto-exploring this place.
 F = Levels seen in this place.
 G = Mean time per level.
                   A        B        C        D        E       F      G
               +--------+--------+--------+--------+--------+-----+--------+
         Total |   6824 |   6631 |    193 |   2057 |   2161 |   7 |  974.9 |
       Dungeon |   6798 |   6616 |    182 |   2057 |   2158 |   6 | 1133.0 |
        Temple |     25 |     14 |     11 |      0 |      3 |   1 |   25.0 |
               +--------+--------+--------+--------+--------+-----+--------+

Top non-repeatable levels by time:
     D:5: 2061 daAuts
     D:3: 1395 daAuts
     D:1: 1227 daAuts
     D:2: 1033 daAuts
     D:4: 1021 daAuts
     D:6: 59 daAuts
  Temple: 25 daAuts
